 Dungeon Crawl Stone Soup version 0.28-a0-1638-g9123634e07 (webtiles) character file.

Game seed: 17320442806598041721

0 HallandMoats the Sneak (level 1, 0/19 HPs)
             Began as a Ghoul Delver on Jan 25, 2022.
             Slain by an orc (4 damage)
             ... on level 3 of the Dungeon.
             The game lasted 00:00:31 (42 turns).

HallandMoats the Sneak (Ghoul Delver)                 Turns: 42, Time: 00:00:31

Health: 0/19       AC:  3    Str: 15    XL:     1   Next: 0%
Magic:  0/0        EV: 11    Int:  5    God:
Gold:   0          SH:  0    Dex: 10    Spells: 0/0 levels left

rFire   . . .      SeeInvis .     - Unarmed
rCold   + . .      Faith    .   (no shield)
rNeg    + + +      Spirit   .   a - +0 leather armour
rPois   ∞          Reflect  .   (no helmet)
rElec   .          Harm     .   (no cloak)
rCorr   .          Rampage  .   (no gloves)
Will    .....                   (no boots)
Stlth   +++.......              (no amulet)
HPRegen 0.00/turn               (no ring)
MPRegen 0.07/turn               (no ring)

@: inhibited regen
A: claws 1, cold resistance 1, negative energy resistance 3, inhibited
regeneration, torment resistance 2
a: no special abilities


You were on level 3 of the Dungeon.
You visited 1 branch of the dungeon, and saw 3 of its levels.

Inventory:

Armour
 a - a +0 leather armour (worn)
Wands
 f - a wand of digging (3)
Scrolls
 b - a scroll of fog
 c - a scroll of magic mapping
 d - a scroll of fear
Potions
 e - a potion of haste


   Skills:
 + Level 3.2 Fighting
 + Level 1.7 Dodging
 + Level 5.4 Stealth
 + Level 2.1 Unarmed Combat


You couldn't memorise any spells.
You didn't know any spells.
Your spell library was empty.

Dungeon Overview and Level Annotations

Branches:
Dungeon (5/15)
 Temple: D:4-7

Altars:


Innate Abilities, Weirdness & Mutations

You thrive by killing the living.
You are immune to poison.
You have sharp fingernails.
Your flesh is cold resistant. (rC+)
You are immune to negative energy. (rN+++)
You do not regenerate when monsters are visible.
You are immune to unholy pain and torment.


Message History

Welcome, HallandMoats the Ghoul Delver.
Below lies the Orb of Zot, rumoured to be powerful enough to resurrect a god...
Press ? for a list of commands and other information.
Found a potion of haste.
Found a stone staircase leading down and a stone staircase leading up.
There is a stone staircase leading up here.
You climb upwards.
You hear the hiss of flowing sand.
There is an entrance to an ossuary on this level.
Hurry and find it before the portal is buried!
The adder hisses angrily.
The ogre shouts!
Found a hunting sling and 4 gold pieces.
Found a stone staircase leading down.
There is a stone staircase leading down here.
Okay, then.
Found a chain mail.
Found a stone staircase leading up.
There is a stone staircase leading up here.
The ogre hits you with a +0 giant club!
Ouch! That really hurt!
You climb upwards.
Found a scroll labelled CUAPNE JUGREOSOA.
There is a stone staircase leading down here.
Found 2 fuming orange potions.
An orc comes into view.
It is wielding a +2 short sword of electrocution.
The orc shouts!
The orc hits you with a +2 short sword of electrocution.
* * * LOW HITPOINT WARNING * * *
The orc hits you with a +2 short sword of electrocution.
You die...

#.....##################.
#....>..................
#.......................
###.####.....!..#....#
#.####..?.....#....#
#..................#
######........#....#
#.......o#....#
#......@.O....#
#........#....#
#........######
######..... ######


You could see an ogre and an orc.

Vanquished Creatures (others)
  A fungus (D:3)
1 creature vanquished.

Notes
Turn   | Place    | Note
-------+----------+-------------------------------------------
     0 | D:5      | HallandMoats the Ghoul Delver began the quest for the Orb.
     0 | D:5      | Reached XP level 1. HP: 19/19 MP: 0/0
     2 | D:4      | Noticed an ogre
    42 | D:3      | Slain by an orc

Illustrated notes

Levels and vault maps discovered:
D:3:      minmay_bubble_buster, layout_basic, mainiacjoe_overflow_chevrons
D:4:      layout_rooms, gup_ossuary_entry_pyramid, gammafunk_ghost_arena
D:5:      layout_loops_cross, mainiacjoe_overflow_catwalk, nrook_mini_vaults,
          kb_lookout_dungeons_type, fountainhead, uniq_pikel

Table legend: (Time is in decaauts)
 A = Elapsed time spent in this place.
 B = Non-inter-level travel time spent in this place.
 C = Inter-level travel time spent in this place.
 D = Time resting spent in this place.
 E = Time spent auto-exploring this place.
 F = Levels seen in this place.
 G = Mean time per level.
                   A        B        C        D        E       F      G
               +--------+--------+--------+--------+--------+-----+--------+
         Total |     41 |     41 |      0 |      0 |      0 |   3 |   13.7 |
       Dungeon |     41 |     41 |      0 |      0 |      0 |   3 |   13.7 |
               +--------+--------+--------+--------+--------+-----+--------+

Top non-repeatable levels by time:
     D:3: 20 daAuts
     D:4: 18 daAuts
     D:5: 2 daAuts
